 Dungeon Crawl Stone Soup version 0.32-a0-891-gc41d80381e (webtiles) character file.

Game seed: 11499478310245488547

224 Ijustatesigmund the Conjurer (level 6, -3/42 HPs)
             Began as an Octopode Conjurer on Apr 3, 2024.
             Slain by a lemure (5 damage)
             ... led by Pikel
             ... on level 3 of the Dungeon.
             The game lasted 00:04:53 (3788 turns).

Ijustatesigmund the Conjurer (Octopode Conjurer)    Turns: 3788, Time: 00:04:54

Health: -3/42      AC:  1    Str:  6    XL:     6   Next: 0%
Magic:  2/11       EV: 12    Int: 22    God:
Gold:   123        SH:  0    Dex: 11    Spells: 5/12 levels left

rFire   . . .        c - +0 war axe
rCold   . . .        (no shield)
rNeg    . . .        (helmet restricted)
rPois   .            (no amulet)
rElec   .            j - ring of flight
rCorr   .            (no ring)
SInv    .            (no ring)
Will    .....        (no ring)
Stlth   +++          (no ring)
HPRegen 0.27/turn    (no ring)
MPRegen 0.12/turn    (no ring)
                     (no ring)

%: no passive effects
@: brilliant, flying
A: almost no armour, amphibious, 8 rings, camouflage 1, gelatinous body 1,
(nimble swimmer 1), tentacles
a: no special abilities


You were on level 3 of the Dungeon.
You visited 1 branch of the dungeon, and saw 4 of its levels.

You collected 123 gold pieces.

Inventory:

Hand Weapons
 c - a +0 war axe (weapon)
Jewellery
 j - a ring of flight (left tentacle)
Wands
 h - a wand of roots (6)
Scrolls
 b - a scroll of silence {unknown}
 e - a scroll of teleportation {unknown}
 i - a scroll of poison {unknown}
 l - a scroll of blinking {unknown}
Potions
 a - a potion of magic
 d - a potion of brilliance
 f - a potion of attraction {unknown}
 g - a potion of curing {unknown}
 k - a potion of might {unknown}


   Skills:
 + Level 3.0 Fighting
 - Level 2.0 Dodging
 - Level 2.6 Stealth
 + Level 3.5 Spellcasting
 - Level 4.5 Conjurations
 + Level 2.1 Translocations


You had 5 spell levels left.
You knew the following spells:

 Your Spells              Type           Power      Damage    Failure   Level
a - Magic Dart            Conj           100%       1d8       1%          1
b - Searing Ray           Conj           70%        2d7       2%          2
c - Iskenderun's Mystic Conj/Tloc 27%            2d7        (+2d3     30%         4

Your spell library contained the following spells:

 Spells                   Type           Power      Damage    Failure   Level
 Fulminant Prism          Conj/Alch      10%        3d8       43%         4


Dungeon Overview and Level Annotations

Branches:
Dungeon (4/15)
 Temple: D:4-7

Altars:
Kikubaaqudgha

Annotations:
D:4 Pikel


Innate Abilities, Weirdness & Mutations

You cannot wear most types of armour.
You are amphibious.
You can wear up to eight rings at the same time.
Your skin changes colour to match your surroundings (Stealth+).
Your rubbery body absorbs attacks. (AC +1, EV +1)
((You are camouflaged when in or above water. (Stealth+)))
You have tentacles for arms and can constrict up to eight enemies at once.


Message History

The lemure is heavily wounded. (Press . to maintain the ray.)
The lemure hits you.
The searing ray hits the lemure but does no damage.
The lemure is heavily wounded.
The searing ray misses the lemure.
The searing ray hits Pikel.
Pikel is moderately wounded.
The lemure barely misses you.
The searing ray hits the lemure.
The lemure is severely wounded.
The searing ray hits the lemure.
The lemure is heavily wounded.
The searing ray hits the lemure.
The lemure is moderately wounded.
The lemure hits you!
* * * LOW HITPOINT WARNING * * *
The searing ray hits the lemure.
The lemure is severely wounded.
The searing ray hits the lemure.
The lemure is heavily wounded.
The searing ray hits the lemure.
The lemure is heavily wounded.
You finish channelling your searing ray.
The lemure hits you.
* * * LOW HITPOINT WARNING * * *
It was a potion of brilliance.
You feel clever all of a sudden. The lemure barely misses you.
The lemure barely misses you.
You fly upwards.
There is a stone staircase leading down, spattered with blood here.
You closely miss the lemure. Your grab misses the lemure.
Your squeeze misses the lemure.
The lemure is severely wounded.
The lemure hits you!
* * * LOW HITPOINT WARNING * * *
You barely miss the lemure. You grab the lemure.
The lemure is severely wounded.
You constrict the lemure. The lemure hits you.
You die...

#......[##.#...........
#.......##.############
#.......##.# #####
#.......##.######### #...#
#.......##.........# #...#
#..(÷...##########.#### ##...###
#......................
.......####......5###........####
.......'..'.....@.+...........†..
.......####.......###........####
.........##.......# #............
.........#######+####.........###
.........#######.##.+.........# #
......†..##......##.#<........# #
.........##......##.#.........# #
.........##.............#####.###
.......####.......#.##### #....


You could see a lemure.

Vanquished Creatures
  A lemure (D:3)
  A scorpion (D:3)
  3 gnolls
  4 adders
  A ribbon worm (D:3)
  3 dart slugs
  7 orcs
  11 ball pythons
  10 endoplasms
  A giant cockroach (D:2)
  7 goblins
  5 hobgoblins
  5 quokkas
  7 bats
  A frilled lizard (D:2)
  6 kobolds
  9 rats
82 creatures vanquished.

Vanquished Creatures (others)
  A human (D:3)
1 creature vanquished.

Grand Total: 83 creatures vanquished

Notes
Turn   | Place    | Note
-------+----------+-------------------------------------------
     0 | D:1      | Ijustatesigmund the Octopode Conjurer began the quest for
                  | the Orb.
     0 | D:1      | Reached XP level 1. HP: 11/11 MP: 3/3
   315 | D:1      | Reached XP level 2. HP: 18/18 MP: 1/5
   406 | D:1      | Learned a level 2 spell: Searing Ray
   417 | D:1      | Reached skill level 1 in Fighting
   771 | D:2      | Reached XP level 3. HP: 17/23 MP: 1/6
  1549 | D:2      | Reached XP level 4. HP: 29/29 MP: 5/8
  1583 | D:2      | Learned a level 4 spell: Iskenderun's Mystic Blast
  2007 | D:3      | Found an ancient bone altar of Kikubaaqudgha.
  2008 | D:3      | Noticed a human
  2011 | D:3      | Killed a human
  2340 | D:3      | Reached skill level 1 in Translocations
  2447 | D:3      | Reached XP level 5. HP: 19/35 MP: 9/9
  3490 | D:4      | Reached XP level 6. HP: 37/42 MP: 7/11
  3564 | D:4      | Noticed Pikel
  3787 | D:3      | HP: 2/42 [lemure[Pikel] (10)]
  3788 | D:3      | Slain by a lemure

Illustrated notes

Levels and vault maps discovered:
D:1:      saegor_arrival_miasma, layout_rooms
D:2:      layout_loops_ring, grunt_ministairs_3, solitary_fountain
D:3:      layout_basic, tgw_kikubaaqudgha, minmay_fractal_squares_5
D:4:      layout_loops_ring, nicolae_uskayaw_dance_hall, uniq_natasha,
          uniq_edmund, uniq_pikel

Skill      XL: |  1  2  3  4  5 |
---------------+----------------+-----
Fighting       | 1 2 3 |  3.0
Spellcasting   | 3 |  3.5
Translocations | 1 2 |  2.1
Dodging        | |  2.0
Stealth        | |  2.6
Conjurations   | |  4.5

Action                     |  1- 3 |  4- 6 || total
---------------------------+-------+-------++-------
  Melee: Constrict         |     7 |    10 ||    17
         Whip              |     2 |       ||     2
         Unarmed           |     2 |       ||     2
         Hand axe          |    19 |     8 ||    27
         Tentacles         |     3 |     9 ||    12
         War axe           |       |    15 ||    15
   Cast: Magic Dart        |    62 |    48 ||   110
         Searing Ray       |       |    13 ||    13
    Use: Potion            |       |     1 ||     1
 Armour: Skin              |    22 |    27 ||    49
  Dodge: Dodged            |    19 |    26 ||    45

Table legend: (Time is in decaauts)
 A = Elapsed time spent in this place.
 B = Non-inter-level travel time spent in this place.
 C = Inter-level travel time spent in this place.
 D = Time resting spent in this place.
 E = Time spent auto-exploring this place.
 F = Levels seen in this place.
 G = Mean time per level.
                   A        B        C        D        E       F      G
               +--------+--------+--------+--------+--------+-----+--------+
         Total |   3803 |   3734 |     69 |    932 |   2364 |   4 |  950.8 |
       Dungeon |   3803 |   3734 |     69 |    932 |   2364 |   4 |  950.8 |
               +--------+--------+--------+--------+--------+-----+--------+

Top non-repeatable levels by time:
     D:3: 1717 daAuts
     D:2: 1028 daAuts
     D:1: 749 daAuts
     D:4: 307 daAuts
